 Dungeon Sprint DCSS version 0.21-a0-265-gb353147 (webtiles) character file.

61611 minicreteconcrete the Ecstatic (level 14, -10/159 HPs)
             Began as a Minotaur Fighter on Sept 10, 2017.
             Was an Elder of Uskayaw.
             Killed from afar by an ancient lich (47 damage)
             ... with a bolt of cold
             ... in the Dungeon (Sprint V: "Ziggurat Sprint").
             The game lasted 00:09:54 (447 turns).

minicreteconcrete the Ecstatic (Minotaur Fighter)    Turns: 447, Time: 00:09:55

Health: -10/159    AC: 30    Str: 37    XL:     14   Next: 61%
Magic:  12/29      EV:  6    Int:  5    God:    Uskayaw [****..]
Gold:   0          SH: 35    Dex: 11    Spells: 15/15 levels left

rFire    . . .     SeeInvis +   M - +14 obsidian axe {chop, +Fly SInv *Curse} (curse)
rCold    . . .     Gourm    .   O - +18 shield of the Gong {rElec rN+ MR+ EV-5}
rNeg     + . .     Faith    .   N - +15 Maxwell's patent armour {-Cast -Tele rElec MR+ rCorr}
rPois    .         Spirit   .   (helmet restricted)
rElec    +         Reflect  .   (no cloak)
rCorr    +         Harm     .   (no gloves)
MR       +++..     NoTele   +   (no boots) Stlth ..........NoCast +
                                R - amulet of Vitality {Regen+ HP+15}
HPRegen  0.76/turn              J - +6 ring of strength
MPRegen  0.21/turn              K - +6 ring of strength

@: lethally poisoned (-10 -> -10), mesmerised, hasted, studying Dodging, very
quick
A: retaliatory headbutt, horns 2
a: Stomp, Line Pass, Renounce Religion, Evoke Flight


You were in the Dungeon.
You worshipped Uskayaw.
Uskayaw was extremely pleased with you.
You were not hungry.

You visited 1 branch

Inventory:

Hand Weapons
 a - a +0 war axe
 M - the cursed +14 obsidian axe (weapon) {chop, +Fly SInv *Curse}
   (You found it in the Dungeon)

   It inflicts extra damage upon your enemies.
   It lets you see invisible.
   It lets you fly.
   It curses itself when equipped.
   It has a curse placed upon it.
 P - a +5 broad axe of venom
Armour
 b - a +0 scale mail
 c - a +0 shield
 l - +5 gold dragon scales
 N - the +15 Maxwell's patent armour (worn) {-Cast -Tele rElec MR+ rCorr}
   (You found it in the Dungeon)

   It insulates you from electricity.
   It affects your resistance to hostile enchantments.
   It prevents spellcasting.
   It prevents most forms of teleportation.
   It protects you from acid and corrosion.
 O - the +18 shield of the Gong (worn) {rElec rN+ MR+ EV-5}
   (You found it in the Dungeon)

   It affects your evasion (-5).
   It insulates you from electricity.
   It protects you from negative energy.
   It affects your resistance to hostile enchantments.
Magical Staves
 D - an uncursed staff of energy
Jewellery
 F - a +6 ring of dexterity
 G - a +6 ring of dexterity
 H - a +6 ring of intelligence
 I - a +6 ring of intelligence
 J - a +6 ring of strength (left hand)
 K - a +6 ring of strength (right hand)
 Q - the ring of Tietwozocs {+Fly rElec rC+ Str-3}
   (You found it in the Dungeon)

   [ring of protection from cold]

   It affects your strength (-3).
   It protects you from cold.
   It insulates you from electricity.
   It lets you fly.
 R - the amulet of Vitality (around neck) {Regen+ HP+15}
   (You found it in the Dungeon)

   [amulet of regeneration]

   It affects your health (+15).
   It increases your rate of regeneration.
 V - the amulet "Vyloy" {rF+ Regen+}
   (You found it in the Dungeon)

   [amulet of regeneration]

   It protects you from fire.
   It increases your rate of regeneration.
Wands
 y - a wand of disintegration (7/24)
 A - a wand of iceblast (5/15)
 B - a wand of lightning (5/15)
 C - a wand of acid (5/15)
Scrolls
 k - 4 scrolls of blinking
 p - 4 scrolls of amnesia
 r - 3 scrolls of recharging
 s - 7 scrolls of fog
 t - 2 scrolls of holy word
 u - 5 scrolls of identify
 v - 5 scrolls of remove curse
 w - 2 scrolls of fear
 U - 4 scrolls of enchant weapon
 W - 4 scrolls of enchant armour
Potions
 d - 6 potions of might
 e - 10 potions of curing
 g - 7 potions of heal wounds
 h - 7 potions of haste
 i - 6 potions of magic
 j - 3 potions of berserk rage
 m - 2 potions of brilliance
 n - 2 potions of invisibility
 o - 4 potions of resistance
 q - 6 potions of agility
Books
 X - a manual of Dodging
Miscellaneous
 E - a crystal ball of energy
 L - a lightning rod (4/4)
 S - a lamp of fire
 T - a fan of gales
Comestibles
 f - 4 bread rations
 x - 42 fruits
 z - 4 meat rations


   Skills:
 + Level 18.5 Fighting
 + Level 21.2 Axes
 + Level 2.0 Throwing
 + Level 12.8 Armour
 + Level 5.7 Dodging
 - Level 2.5 Stealth
 + Level 19.1 Shields
 + Level 2.2 Unarmed Combat
 + Level 1.2 Spellcasting
 * Level 24.3 Invocations


You had 15 spell levels left.
You didn't know any spells.

Dungeon Overview and Level Annotations

Branches:
Dungeon (1/1)

Altars:
Ashenzari
Cheibriados
Dithmenos
Elyvilon
Fedhas
Gozag
Hepliaklqana
Kikubaaqudgha
Makhleb
Nemelex Xobeh
Okawaru
Qazlal
Ru
Sif Muna
Trog
Uskayaw
Vehumet
Wu Jian
Xom
Yredelemnul
Zin
The Shining One
Beogh
Jiyva
Lugonu

Annotations:
D 1 transporter


Innate Abilities, Weirdness & Mutations

You reflexively headbutt those who attack you in melee.
You have a pair of horns on your head.


Message History

Uskayaw will force your foes to share their pain.
Uskayaw links your audience in an emotional bond!
Unknown command.
The helpless ancient lich fails to defend itself.
You slice the ancient lich!!
You destroy the ancient lich!
Your Axes skill increases to level 21!
Your Shields skill increases to level 19!
Your Invocations skill increases to level 24!
The helpless vampire knight fails to defend itself.
You cut the vampire knight into ribbons!!!
You open a gate to Pandemonium!
A demon appears!
You break out of your daze!
You destroy the vampire knight!
Visions of slaying the necromancer flood into your mind.
The ancient lich is no longer paralysed.
The skeletal warrior is no longer paralysed.
The ancient lich points at you and mumbles some strange words.
The bolt of cold hits you!
You die...

▓▓▓▓▓▓▓▓▓▓▓▓▓▓▓▓▓▓▓▓▓▓▓▓ ▓▓▓▓▓▓▓▓
©8_8_8_8▓▓......8©8..... ▓.....8©
......._▓▓..:}=.):))[||..▓..[})}|
...))..8▓▓..)"[==||}"):..▓...):.[
......._▓▓.....ZWZ1......▓.......
.......8▓▓....zznVL.1....▓.......
......._▓▓....z).)Zz.....▓.......
...=...8▓▓...Vp4@3|Z1....▓.......
......._▓▓....§3§4§......▓.......
.......8▓▓...............▓..▓....
......._▓▓...............▓.▓▓▓...
.......8▓▓...............▓..▓....
......._▓▓...▓.......▓...▓.......
_8_8_8_8▓▓...............▓......©
▓▓▓▓▓▓▓▓▓▓...............▓▓▓▓▓▓▓▓
▓.......©.......▓.....8©


You could see an ancient lich, an Ice Fiend (paralysed), 2 vampire knights, 2
Executioners, 2 skeletal warriors, a necromancer (paralysed), a necrophage
(paralysed), a shadow (paralysed), 2 wights, an adder zombie (paralysed), a
leopard gecko skeleton (paralysed), a bat skeleton (paralysed), a ball python
skeleton (paralysed), a friendly sun demon, a friendly hellwing, a friendly
smoke demon and a friendly chaos spawn.

Vanquished Creatures
  An ancient lich (D)
  2 pearl dragons (D)
  2 acid blobs (D)
  Polyphemus (D)
  Agnes (D)
  Gastronok (D)
  A nagaraja (D)
  4 azure jellies (D)
  A daeva (D)
  2 fire giants (D)
  An ophan (D)
  2 vampire knights (D)
  An apis (D)
  3 fire dragons (D)
  3 great orbs of eyes (D)
  Erolcha (D)
  4 anacondas (D)
  4 hell hogs (D)
  2 skeletal warriors (D)
  3 cherubim (D)
  A spriggan druid (D)
  Pikel (D)
  A phantasmal warrior (D)
  A necromancer (D)
  A shining eye (D)
  2 rust devils (D)
  3 black mambas (D)
  2 eyes of devastation (D)
  A spiny frog (D)
  A naga mage (D)
  2 komodo dragons (D)
  A hellion (D)
  An efreet (D)
  A red devil (D)
  A hornet (D)
  A blink frog (D)
  Grinder (D)
  A dream sheep (D)
  9 slime creatures (D)
  2 hippogriffs (D)
  2 air elementals (D)
  Sigmund (D)
  A spriggan (D)
  Eustachio (D)
  A tarantella (D)
  4 golden eyes (D)
  3 yaks (D)
  A basilisk (D)
  2 fire elementals (D)
  3 nagas (D)
  2 insubstantial wisps (D)
  3 hell hounds (D)
  4 water moccasins (D)
  A floating eye (D)
  5 porcupines (D)
  2 black bears (D)
  3 phantoms (D)
  2 necrophages (D)
  3 wolves (D)
  2 eyes of draining (D)
  2 crocodiles (D)
  Blork the orc (D)
  3 bullfrogs (D)
  A scorpion (D)
  2 wights (D)
  6 jellies (D)
  An iron imp (D)
  Terence (D)
  2 iguanas (D)
  An adder (D)
  A river rat (D)
  2 oozes (D)
  An adder zombie (D)
  An adder skeleton (D)
  4 ball pythons (D)
  A bat skeleton (D)
  2 jackals (D)
152 creatures vanquished.

Vanquished Creatures (collateral kills)
  A death ooze (D)
  A naga warrior (D)
  A necromancer (D)
  A komodo dragon (D)
  A slime creature (D)
  A shadow (D)
  A basilisk (D)
  A water moccasin (D)
  A black bear (D)
  An eye of draining (D)
  An iguana (D)
  A river rat (D)
  An ooze (D)
  A bat zombie (D)
14 creatures vanquished.

Vanquished Creatures (others)
  A bat skeleton (D)
1 creature vanquished.

Grand Total: 167 creatures vanquished

Notes
Turn   | Place    | Note
-------+----------+-------------------------------------------
     0 | D        | Found the +6 Majin-Bo {vamp, Archmagi MP+6 Int+6}
     0 | D        | Found the +7 great mace "Firestarter" {inner flame, rF++}
     0 | D        | minicreteconcrete the Minotaur Fighter began the quest for the Orb.
     0 | D        | Reached XP level 1. HP: 19/19 MP: 0/0
     5 | D        | Found a deep blue altar of Sif Muna.
     5 | D        | Found a sacrificial altar of Ru.
     5 | D        | Found a bloodstained altar of Trog.
     5 | D        | Found a stormy altar of Qazlal.
     5 | D        | Found an iron altar of Okawaru.
     5 | D        | Found a sparkling altar of Nemelex Xobeh.
     5 | D        | Found a blossoming altar of Fedhas.
     7 | D        | Reached skill level 1 in Spellcasting
     7 | D        | Reached XP level 2. HP: 28/28 MP: 0/2
     8 | D        | Found a transporter.
     8 | D        | Found an ancient bone altar of Kikubaaqudgha.
     8 | D        | Found a viscous altar of Jiyva.
     8 | D        | Found a corrupted altar of Lugonu.
     8 | D        | Found a hazy altar of Hepliaklqana.
     8 | D        | Found a burning altar of Makhleb.
     8 | D        | Found an opulent altar of Gozag.
    28 | D        | Found the +9 heavy crossbow "Sniper" {velocity, Acc+∞ SInv}
    28 | D        | Found the +10 dark maul {crush}
    28 | D        | Found the +15 Maxwell's patent armour {-Cast -Tele rElec MR+ rCorr}
    28 | D        | Found the +18 shield of the Gong {rElec rN+ MR+ EV-5}
    28 | D        | Found the cursed +14 obsidian axe {chop, +Fly SInv *Curse}
    70 | D        | Became a worshipper of Uskayaw the Reveler
    83 | D        | Entered arena 2.
    83 | D        | Noticed a scorpion
    83 | D        | Noticed a tarantella
    83 | D        | Found a transporter.
    84 | D        | Reached * piety under Uskayaw
    85 | D        | Killed a tarantella
    85 | D        | Reached skill level 5 in Axes
    85 | D        | Reached XP level 3. HP: 39/39 MP: 3/3
    85 | D        | Reached XP level 4. HP: 47/47 MP: 4/4
    85 | D        | Reached XP level 5. HP: 52/52 MP: 5/5
    85 | D        | Reached ** piety under Uskayaw
    92 | D        | Entered arena 3.
    92 | D        | Noticed a necrophage
    92 | D        | Noticed a necrophage
    92 | D        | Noticed a phantom
    92 | D        | Found a transporter.
    98 | D        | Reached *** piety under Uskayaw
    99 | D        | Killed a necrophage
    99 | D        | Reached XP level 6. HP: 61/62 MP: 6/6
    99 | D        | Reached **** piety under Uskayaw
   106 | D        | Reached skill level 1 in Invocations
   109 | D        | Got the ring of Tietwozocs {+Fly rElec rC+ Str-3}
   111 | D        | Entered arena 4.
   111 | D        | Noticed an air elemental
   111 | D        | Noticed an insubstantial wisp
   111 | D        | Noticed an air elemental
   111 | D        | Noticed an insubstantial wisp
   111 | D        | Found a transporter.
   113 | D        | Killed an air elemental
   113 | D        | Reached skill level 10 in Shields
   113 | D        | Reached skill level 2 in Invocations
   113 | D        | Reached XP level 7. HP: 60/71 MP: 6/8
   117 | D        | Reached skill level 10 in Fighting
   117 | D        | Reached skill level 3 in Invocations
   118 | D        | Killed an air elemental
   118 | D        | Reached skill level 4 in Invocations
   118 | D        | Reached ***** piety under Uskayaw
   120 | D        | Reached skill level 10 in Armour
   125 | D        | Entered arena 5.
   125 | D        | Noticed a golden eye
   125 | D        | Found a transporter.
   128 | D        | Reached XP level 8. HP: 68/80 MP: 7/10
   135 | D        | Reached skill level 5 in Invocations
   135 | D        | Reached ****** piety under Uskayaw
   143 | D        | Entered arena 6.
   143 | D        | Found a transporter.
   144 | D        | Found the amulet of Vitality {Regen+ HP+15}
   147 | D        | Reached skill level 10 in Axes
   158 | D        | Entered arena 7.
   158 | D        | Noticed a hippogriff
   158 | D        | Noticed a komodo dragon
   159 | D        | Found the +10 large shield of Ignorance {rN+ Int-4}
   159 | D        | Found a transporter.
   165 | D        | Reached skill level 6 in Invocations
   166 | D        | Killed a hippogriff
   166 | D        | Reached XP level 9. HP: 89/89 MP: 4/13
   166 | D        | Killed a komodo dragon
   166 | D        | Reached skill level 7 in Invocations
   173 | D        | Entered arena 8.
   173 | D        | Noticed an eye of devastation
   173 | D        | Noticed an eye of devastation
   174 | D        | Found a transporter.
   180 | D        | Killed an eye of devastation
   181 | D        | Killed an eye of devastation
   181 | D        | Reached skill level 8 in Invocations
   186 | D        | Got the amulet "Vyloy" {rF+ Regen+}
   188 | D        | Entered arena 9.
   188 | D        | Noticed a spriggan rider
   188 | D        | Noticed a spriggan druid
   189 | D        | Found a transporter.
   191 | D        | Killed a spriggan druid
   191 | D        | Reached XP level 10. HP: 97/97 MP: 7/15
   192 | D        | Reached skill level 9 in Invocations
   200 | D        | Entered arena 10.
   201 | D        | Found the ring of the Octopus King {rN+ AC+1 EV+1 Str+1 Int+1 Dex+1}
   201 | D        | Found a transporter.
   209 | D        | Noticed a rust devil
   214 | D        | Entered arena 11.
   215 | D        | Found a transporter.
   217 | D        | Reached skill level 15 in Axes
   227 | D        | Entered arena 12.
   227 | D        | Noticed Pikel
   227 | D        | Noticed Eustachio
   227 | D        | Noticed Agnes
   227 | D        | Noticed Gastronok
   227 | D        | Noticed Polyphemus
   227 | D        | Noticed Blork the orc
   227 | D        | Noticed Sigmund
   228 | D        | Noticed Erolcha
   229 | D        | Noticed Terence
   229 | D        | Noticed Grinder
   230 | D        | Found a transporter.
   234 | D        | Killed Terence
   234 | D        | Killed Pikel
   235 | D        | Killed Erolcha
   235 | D        | Reached skill level 10 in Invocations
   236 | D        | Killed Sigmund
   241 | D        | Killed Polyphemus
   241 | D        | Reached skill level 15 in Shields
   241 | D        | Reached XP level 11. HP: 92/108 MP: 14/18
   242 | D        | Killed Gastronok
   242 | D        | Reached skill level 11 in Invocations
   242 | D        | Killed Agnes
   242 | D        | Reached skill level 12 in Invocations
   244 | D        | Killed Grinder
   245 | D        | Killed Blork the orc
   254 | D        | Killed Eustachio
   259 | D        | Entered arena 13.
   260 | D        | Found the +5 robe of Night {Dark MR+ SInv}
   261 | D        | Found a transporter.
   264 | D        | Reached skill level 13 in Invocations
   274 | D        | Entered arena 14.
   275 | D        | Noticed a skeletal warrior
   275 | D        | Noticed a skeletal warrior
   276 | D        | Noticed a phantasmal warrior
   278 | D        | Found a transporter.
   283 | D        | Killed a skeletal warrior
   285 | D        | Killed a phantasmal warrior
   285 | D        | Reached skill level 14 in Invocations
   285 | D        | Reached XP level 12. HP: 103/118 MP: 2/21
   285 | D        | Reached skill level 15 in Fighting
   293 | D        | Entered arena 15.
   294 | D        | Noticed an ophan
   294 | D        | Noticed a pearl dragon
   294 | D        | Noticed a daeva
   295 | D        | Noticed a pearl dragon
   295 | D        | Noticed an apis
   303 | D        | Reached skill level 15 in Invocations
   303 | D        | Found a transporter.
   307 | D        | Killed a pearl dragon
   307 | D        | Reached skill level 16 in Invocations
   307 | D        | Killed a pearl dragon
   307 | D        | Reached skill level 17 in Invocations
   308 | D        | Killed an apis
   310 | D        | Killed a daeva
   310 | D        | Reached skill level 18 in Invocations
   311 | D        | Killed an ophan
   315 | D        | Reached XP level 13. HP: 58/128 MP: 15/25
   322 | D        | Entered arena 16.
   323 | D        | Noticed a fire giant
   323 | D        | Noticed a fire dragon
   324 | D        | Noticed a fire giant
   324 | D        | Noticed a fire dragon
   324 | D        | Killed a fire giant
   324 | D        | Found a transporter.
   324 | D        | Noticed a fire dragon
   325 | D        | Reached skill level 19 in Invocations
   326 | D        | Killed a fire giant
   326 | D        | Reached skill level 5 in Dodging
   329 | D        | Killed a fire dragon
   329 | D        | Killed a fire dragon
   329 | D        | Reached skill level 20 in Invocations
   333 | D        | Killed a fire dragon
   340 | D        | Entered arena 17.
   344 | D        | Noticed an acid blob
   345 | D        | Found a transporter.
   345 | D        | Paralysed by a floating eye for 3 turns
   354 | D        | Reached skill level 21 in Invocations
   360 | D        | Killed an acid blob
   372 | D        | Entered arena 18.
   375 | D        | Noticed a death ooze
   375 | D        | Noticed an azure jelly
   375 | D        | Noticed an azure jelly
   376 | D        | Noticed an azure jelly
   376 | D        | Noticed an azure jelly
   376 | D        | Noticed an acid blob
   377 | D        | Found a transporter.
   382 | D        | Killed an azure jelly
   382 | D        | Killed an azure jelly
   382 | D        | Reached skill level 22 in Invocations
   382 | D        | Killed an azure jelly
   383 | D        | Killed an acid blob
   383 | D        | Reached XP level 14. HP: 90/141 MP: 8/28
   384 | D        | Killed an azure jelly
   395 | D        | Entered arena 19.
   398 | D        | Noticed a nagaraja
   400 | D        | Found a transporter.
   401 | D        | Reached skill level 23 in Invocations
   412 | D        | Killed a nagaraja
   430 | D        | Entered arena 20.
   435 | D        | Noticed an ancient lich
   435 | D        | Noticed a vampire knight
   435 | D        | Noticed a vampire knight
   436 | D        | Noticed a vampire knight
   436 | D        | Noticed an ancient lich
   436 | D        | Noticed a vampire knight
   437 | D        | Found a transporter.
   437 | D        | Noticed an Ice Fiend
   444 | D        | Noticed an Executioner
   446 | D        | Noticed an Executioner
   446 | D        | Killed a vampire knight
   447 | D        | Killed an ancient lich
   447 | D        | Reached skill level 24 in Invocations
   447 | D        | Killed a vampire knight
   447 | D        | Killed from afar by an ancient lich

Vault maps used:
D:        sprint_v

Skill      XL: |  1  2  3  4  5  6  7  8  9 10 11 12 13 14 |
---------------+-------------------------------------------+-----
Fighting       | 4 7 8 9 10 11 12 13 14 16 17 18 | 18.5
Axes           | 3 5 6 8 9 11 14 17 18 19 20 21 | 21.2
Throwing       | 2 |  2.0
Armour         | 4 7 8 9 10 11 12 | 12.8
Dodging        | 2 3 4 5 |  5.7
Stealth        | 2 |  2.5
Shields        | 4 7 8 10 12 13 15 16 17 19 | 19.1
Unarmed Combat | 2 |  2.2
Spellcasting   | 1 |  1.2
Invocations    | 2 4 6 8 10 14 18 22 24 | 24.3

Action                   |  1- 3 |  4- 6 |  7- 9 | 10-12 | 13-15 || total
-------------------------+-------+-------+-------+-------+-------++-------
Melee: Broad axe         |     2 |    11 |    25 |    57 |    48 ||   143
       Headbutt          |     1 |     1 |     4 |    13 |    13 ||    32
Invok: Grand Finale      |       |       |       |     3 |     2 ||     5
  Use: Potion            |     1 |       |       |     3 |     4 ||     8
       Scroll            |       |       |       |     1 |     1 ||     2
 Stab: Paralysed         |       |     4 |     4 |    28 |    18 ||    54
  Eat: Bread ration      |       |       |       |       |     1 ||     1
Armor: Plate armour      |     1 |     5 |    14 |     6 |    19 ||    45
Dodge: Dodged            |       |       |     3 |     1 |    11 ||    15
Block: Shield            |     1 |    26 |    48 |    71 |    80 ||   226

Table legend:
 A = Spawn XP
 B = Non-spawn XP
 C = Spawn XP percentage of total XP
 D = Spawn monster count
 E = Non-spawn monster count
 F = Spawn count percentage of total count
 G = Total turns spent on level
                    A         B        C        D         E        F      G
               +---------+---------+-------+---------+---------+-------+---------
         Total |       0 |   88004 |   0.0 |       0 |     166 |   0.0 |   447
               +---------+---------+-------+---------+---------+-------+---------
             D |       0 |   88004 |   0.0 |       0 |     166 |   0.0 |   447
               +---------+---------+-------+---------+---------+-------+---------
